 Dungeon Crawl Stone Soup version 0.28-a0-1518-gbe868bca14 (webtiles) character file.

Game seed: 8098868711144402081

47 hashsling the Shooter (level 3, -2/20 HPs)
             Began as a Deep Elf Hunter on Jan 16, 2022.
             Succumbed to an adder's poison
             ... on level 2 of the Dungeon.
             The game lasted 00:05:24 (1656 turns).

hashsling the Shooter (Deep Elf Hunter)             Turns: 1656, Time: 00:05:26

Health: -2/20      AC:  4    Str:  9    XL:     3   Next: 48%
Magic:  5/5        EV: 12    Int: 15    God:
Gold:   68         SH:  0    Dex: 17    Spells: 2/2 levels left

rFire   . . .      SeeInvis .   b - +1 mace (protect)
rCold   . . .      Faith    .   (no shield)
rNeg    . . .      Spirit   .   c - +0 leather armour
rPois   .          Reflect  .   m - +0 helmet
rElec   .          Harm     .   (no cloak)
rCorr   .          Rampage  .   (no gloves)
Will    .....                   (no boots)
Stlth   ++........              (no amulet)
HPRegen 0.06/turn               (no ring)
MPRegen 0.09/turn               (no ring)

@: lethally poisoned (-2 -> -16)
A: no striking features
a: no special abilities


You were on level 2 of the Dungeon.
You visited 1 branch of the dungeon, and saw 2 of its levels.

You collected 68 gold pieces.

Inventory:

Hand Weapons
 a - a +1 shortbow
 b - a +1 mace of protection (weapon)
 k - a +0 short sword
Missiles
 d - 41 arrows
Armour
 c - a +0 leather armour (worn)
 m - a +0 helmet (worn)
Jewellery
 f - a ring of ice
 h - an amulet of magic regeneration
 j - a ring of magical power
Scrolls
 i - a scroll of magic mapping {unknown}
 l - a scroll of identify {unknown}
 n - a scroll of immolation {unknown}
 o - a scroll of summoning {unknown}
Potions
 e - a potion of curing {unknown}
 g - 2 potions of heal wounds {unknown}
 p - a potion of haste {unknown}
 q - a potion of attraction {unknown}


   Skills:
 - Level 1.5 Fighting
 + Level 7.0 Bows
 - Level 2.4 Dodging
 - Level 1.2 Stealth


You had 2 spell levels left.
You didn't know any spells.
Your spell library contained the following spells:

 Spells                   Type           Power      Damage    Failure   Level
 Animate Skeleton         Necr           0%         N/A       36%         1
 Pain                     Necr           0%         1d4       36%         1
 Conjure Flame            Conj/Fire      0%         6-21      75%         3
 Ignite Poison            Fire/Tmut/Pois 0%         N/A       75%         3
 Vampiric Draining        Necr           0%         2d6       75%         3
 Sticky Flame             Conj/Fire      0%         2d3       98%         4


Dungeon Overview and Level Annotations

Branches:
Dungeon (2/15)

Altars:


Message History

You barely miss the adder.
The adder is moderately wounded.
The adder barely misses you. The adder bites you.
You are poisoned.
The adder poisons you!
You closely miss the adder.
The adder is moderately wounded.
You feel sick. The adder barely misses you.
The adder bites you but does no damage.
You miss the adder.
The adder is moderately wounded.
You feel sick. The adder bites you.
You are too injured to fight recklessly!
You are too injured to fight recklessly!
You are too injured to fight recklessly!
Hit: b) +1 mace (protect)
Press: ? - help, Dir - move target, f/p - adder
Aim: an adder (moderately wounded, about 56% to evade your +1 mace of protection)
You closely miss the adder. Your punch misses the adder.
The adder is moderately wounded.
You feel sick. The adder closely misses you. The adder bites you.
You are lethally poisoned!
The adder poisons you!
Hit: b) +1 mace (protect)
Press: ? - help, Dir - move target, f/p - adder
Aim: an adder (moderately wounded, about 56% to evade your +1 mace of protection)
You closely miss the adder.
The adder is moderately wounded.
* * * LOW HITPOINT WARNING * * *
You feel very sick. The adder barely misses you. The adder bites you.
* * * LOW HITPOINT WARNING * * *
You are more poisoned.
The adder poisons you!
Hit: b) +1 mace (protect)
Press: ? - help, Dir - move target, f/p - adder
Aim: an adder (moderately wounded, about 56% to evade your +1 mace of protection)
You closely miss the adder.
The adder is moderately wounded.
You die...

.# #.# ..#
### .# ..#
..## ...
###
########.#
..#
#...@.#..#
#.#
#..#S#...##
#.# #
#l##...#
#.# (:
#...# #.#
### ##..#
#.# #.###
#.# +...#
#.# ##..#
#.#
#..######


You could see an adder and a frilled lizard.

Vanquished Creatures
  Robin (D:2)
  A dart slug (D:2)
  5 endoplasms
  A giant cockroach (D:1)
  11 goblins
  2 hobgoblins
  2 quokkas (D:1)
  2 ball pythons
  3 bats (D:1)
  2 frilled lizards (D:1)
  A kobold (D:1)
31 creatures vanquished.

Notes
Turn   | Place    | Note
-------+----------+-------------------------------------------
     0 | D:1      | hashsling the Deep Elf Hunter began the quest for the Orb.
     0 | D:1      | Reached XP level 1. HP: 12/12 MP: 3/3
    48 | D:1      | Found a faded altar of an unknown god.
   194 | D:1      | Reached XP level 2. HP: 16/16 MP: 4/4
   201 | D:1      | Reached skill level 6 in Bows
   618 | D:1      | You fall into a shaft and drop 1 floor!
   716 | D:2      | Noticed Robin
   791 | D:2      | Killed Robin
   792 | D:2      | Reached XP level 3. HP: 8/20 MP: 5/5
  1431 | D:2      | Reached skill level 7 in Bows
  1656 | D:2      | Succumbed to an adder's poison

Illustrated notes

Levels and vault maps discovered:
D:1:      dpeg_arrival_tiny_a, layout_basic, basic_ecumenical_altar,
          serial_curves, eino_curves_02, eino_curves_03
D:2:      layout_loops_ring, minmay_divided_ellipse, uniq_robin, uniq_sigmund,
          uniq_terence

Skill      XL: |  1  2  3 |
---------------+----------+-----
Bows           | 6 7 |  7.0
Fighting       | |  1.5
Dodging        | |  2.4
Stealth        | |  1.2

Action                   || total
-------------------------++-------
Melee: Short sword       ||    19
       Mace              ||    54
       Punch             ||     3
 Fire: Shortbow          ||    31
Armor: Leather armour    ||    27
Dodge: Dodged            ||    60

Table legend: (Time is in decaauts)
 A = Elapsed time spent in this place.
 B = Non-inter-level travel time spent in this place.
 C = Inter-level travel time spent in this place.
 D = Time resting spent in this place.
 E = Time spent auto-exploring this place.
 F = Levels seen in this place.
 G = Mean time per level.
                   A        B        C        D        E       F      G
               +--------+--------+--------+--------+--------+-----+--------+
         Total |   1672 |   1656 |     16 |      0 |   1299 |   2 |  836.0 |
       Dungeon |   1672 |   1656 |     16 |      0 |   1299 |   2 |  836.0 |
               +--------+--------+--------+--------+--------+-----+--------+

Top non-repeatable levels by time:
     D:1: 869 daAuts
     D:2: 802 daAuts
